 Dungeon Crawl Stone Soup version 0.29.0-4-gdea44cf6ec (webtiles) character file.

Game seed: 16353998980967696242

5 Zeldest the Sneak (level 1, -1/18 HPs)
             Began as a Mummy Delver on Aug 27, 2022.
             Slain by a hound (5 damage)
             ... on level 4 of the Dungeon.
             The game lasted 00:01:01 (375 turns).

Zeldest the Sneak (Mummy Delver)                     Turns: 375, Time: 00:01:02

Health: -1/18      AC:  3    Str: 15    XL:     1   Next: 66%
Magic:  1/1        EV: 11    Int:  9    God:
Gold:   0          SH:  0    Dex: 13    Spells: 0/0 levels left

rFire   x . .      SeeInvis .   a - +0 hand axe
rCold   + . .      Faith    .   (no shield)
rNeg    + + +      Spirit   .   b - +0 leather armour
rPois   ∞          Reflect  .   (no helmet)
rElec   .          Harm     .   (no cloak)
rCorr   .          Rampage  .   (no gloves)
Will    .....                   (no boots)
Stlth   ++........              (no amulet)
HPRegen 0.06/turn               (no ring)
MPRegen 0.07/turn               (no ring)

@: no status effects
A: cold resistance 1, negative energy resistance 3, torment resistance 2, heat
vulnerability 1, no potions
a: no special abilities


You were on level 4 of the Dungeon.
You visited 1 branch of the dungeon, and saw 2 of its levels.

Inventory:

Hand Weapons
 a - a +0 hand axe (weapon)
Missiles
 d - 3 javelins (quivered)
Armour
 b - a +0 leather armour (worn)
Wands
 f - a wand of digging (3)
Scrolls
 c - a scroll of fog
 e - a scroll of fear
 g - a scroll of identify {unknown}


   Skills:
 + Level 3.1 Fighting
 + Level 1.7 Axes
 + Level 1.7 Dodging
 + Level 4.1 Stealth


You couldn't memorise any spells.
You didn't know any spells.
Your spell library contained the following spells:

 Spells                   Type           Power      Damage    Failure   Level
 Inner Flame              Hex/Fire       0%         N/A       83%         3
 Cause Fear               Hex            0%         N/A       99%         4
 Discord                  Hex            0%         N/A       100%        8


Dungeon Overview and Level Annotations

Branches:
Dungeon (5/15)
 Temple: D:4-7

Altars:


Innate Abilities, Weirdness & Mutations

You are immune to poison.
Your flesh is cold resistant. (rC+)
You are immune to negative energy. (rN+++)
You are immune to unholy pain and torment.
You are vulnerable to heat. (rF-)
You do not drink.


Message History

There is a stone staircase leading down here.
Found 5 stones.
Found a flail.
You see here 5 stones.
Found a stone staircase leading up.
You see here a +0 flail.
You open the door.
There is an open door here.
There is an open door here.
You open the door.
A hound comes into view.
There is an open door here.
The helpless hound fails to defend itself.
You hit the hound.
The hound is lightly wounded.
The hound closely misses you. The hound bites you but does no damage.
You barely miss the hound.
The hound is lightly wounded.
The hound bites you. x2
You closely miss the hound.
The hound is lightly wounded.
The hound bites you but does no damage. The hound closely misses you.
You completely miss the hound.
The hound is lightly wounded.
The hound stops to sniff the ground.
The hound bites you but does no damage.
You barely miss the hound.
The hound is lightly wounded.
The hound bites you. The hound misses you.
You hit the hound.
The hound is lightly wounded.
The hound barely misses you. The hound misses you.
You completely miss the hound.
The hound is lightly wounded.
The hound bites you but does no damage. The hound bites you.
* * * LOW HITPOINT WARNING * * *
You miss the hound.
The hound is lightly wounded.
The hound bites you.
You die...

#.# ##.#
+..# #.##
#..#
###.#
#.#'#
##...###
+..@...#
#.h....#
#.......#
#.......+
#.......#
##......#
+......#
##...###


You could see a hound.

Vanquished Creatures
  4 jackals (D:5)
4 creatures vanquished.

Vanquished Creatures (others)
  2 plants (D:5)
2 creatures vanquished.

Grand Total: 6 creatures vanquished

Notes
Turn   | Place    | Note
-------+----------+-------------------------------------------
     0 | D:5      | Zeldest the Mummy Delver began the quest for the Orb.
     0 | D:5      | Reached XP level 1. HP: 18/18 MP: 1/1
    65 | D:5      | Identified the +1 robe of Kleptomania {Drain +Inv rPois
                  | Dex-5}
   310 | D:4      | Noticed a jelly
   364 | D:4      | Noticed a hound
   375 | D:4      | Slain by a hound

Illustrated notes

Levels and vault maps discovered:
D:4:      nicolae_cairo_tiling_very_big, layout_basic,
          nicolae_kikubaaqudgha_miasma_corner, serial_glass, glass_columns_a,
          glass_columns_a, glass_columns_b, glass_columns_b, glass_columns_c,
          glass_columns_b
D:5:      layout_gridville, serial_bayou, serial_bayou_pond_d,
          serial_bayou_pond_c, serial_bayou_pond_e, serial_bayou_pond_d,
          serial_bayou_pond_a, grunt_ministairs_14, kennysheep_dice

Action                   || total
-------------------------++-------
Melee: Hand axe          ||    14
  Use: Scroll            ||     1
 Stab: Sleeping          ||     1
Armor: Leather armour    ||    11
Dodge: Dodged            ||    18
